 Dungeon Crawl Stone Soup version 0.24-a0-446-g87df720 (webtiles) character file.

Game seed: 10784587133923714032

59 CanOfBees the Caller (level 4, 0/25 HPs)
             Began as a Tengu Summoner on June 24, 2019.
             Succumbed to an adder's poison
             ... on level 2 of the Dungeon.
             The game lasted 00:03:13 (3043 turns).

CanOfBees the Caller (Tengu Summoner)               Turns: 3043, Time: 00:03:14

Health: 0/25       AC:  2    Str: 10    XL:     4   Next: 3%
Magic:  1/8        EV: 13    Int: 15    God:
Gold:   57         SH:  0    Dex: 12    Spells: 2/8 levels left

rFire    . . .     SeeInvis +   i - +1 hand axe (elec)
rCold    . . .     Gourm    .   (no shield)
rNeg     . . .     Faith    .   a - +0 robe
rPois    .         Spirit   .   (helmet restricted)
rElec    .         Reflect  .   (no cloak)
rCorr    .         Harm     .   (no gloves)
MR       +....                  (boots unavailable)
Stlth    ++........             (no amulet)
HPRegen  0.08/turn              d - ring of see invisible
MPRegen  0.11/turn              (no ring)

@: lethally poisoned (0 -> -2), very slightly contaminated, invisible
A: beak, talons 3, clumsy 1, magic resistance 1, no potion heal 1, sturdy frame
1
a: no special abilities


You were on level 2 of the Dungeon.
You were not hungry.

You visited 1 branch of the dungeon, and saw 2 of its levels.

You collected 57 gold pieces.

Inventory:

Hand Weapons
 i - a +1 hand axe of electrocution (weapon)
 k - a +0 dagger of venom
Missiles
 b - 58 stones (quivered)
 f - 48 bolts
 h - 46 arrows
Armour
 a - a +0 robe (worn)
Jewellery
 d - a ring of see invisible (left hand)
Scrolls
 e - 2 scrolls of remove curse {unknown}
 g - 2 scrolls of identify {unknown}
 l - a scroll of magic mapping {unknown}
Comestibles
 c - 3 rations
 j - 6 chunks of flesh


   Skills:
 + Level 1.5 Fighting
 + Level 2.9 Dodging
 - Level 2.0 Stealth
 + Level 2.5 Spellcasting
 + Level 5.2 Summonings


You had 2 spell levels left.
You knew the following spells:

 Your Spells              Type           Power        Failure   Level  Hunger
a - Summon Small Mammal   Summ           ###.         2%          1    #......
b - Call Imp              Summ           ###.....     3%          2    ###....
c - Call Canine Familiar  Summ           ###.....     7%          3    ###....

Your spell library contained the following spells:

 Spells                   Type           Power        Failure   Level  Hunger
 Summon Guardian Golem    Hex/Summ       #.......     22%         3    ###....
 Summon Ice Beast         Ice/Summ       #.......     56%         4    #####..
 Summon Lightning Spire   Summ/Air       #.......     56%         4    #####..


Dungeon Overview and Level Annotations

Branches:
Dungeon (2/15)

Altars:


Innate Abilities, Weirdness & Mutations

You have a beak for a mouth.
You have claws for feet.
You are clumsy. (Dex -2)
You are resistant to hostile enchantments. (MR+)
Potions are less effective at restoring your health.
Your movements are slightly less encumbered by armour. (ER -2)


Message History

It was a potion of mutation.
You feel extremely strange.
Your system partially rejects the healing effects of potions.
You feel clumsy.
You feel less encumbered by your armour.
You feel resistant to hostile enchantments.
The adder bites your crimson imp.
Your crimson imp hits the adder but does no damage.
* * * LOW HITPOINT WARNING * * *
You feel sick.
Your crimson imp closely misses the adder.
Casting: Call Imp (safe; 3% risk of failure)
Confirm with . or Enter, or press ? or * to list all spells.
A beastly little devil appears in a puff of flame.
Your crimson imp hits the adder.
Your crimson imp hits the adder.
You aren't carrying any potions.
Unknown command.
The adder bites your crimson imp.
Your crimson imp misses the adder.
The adder hisses angrily.
You die...

#..#..#####
...♣ .#.#..#
♣♣♣...♣
.#....#
♣♣SKK♣
......###
♣♣5♣♣.♣
#.......#
♣5♣♣ ♣
#.#####.#
♣♣.♣
.....##.#
♣.♣♣
##.#.##.#
♣♣.♣
.....##.#
♣@♣♣ #...##.#
♣♣.♣
#...##.#####
♣.♣♣
#........#
♣.♣ ♣
#.##.....#
♣.♣♣♣ .♣
#..#.....#
♣...♣♣.♣
#####÷#.....#
♣♣.....♣♣
............#
♣♣.....♣
.....#.######
♣...♣.♣


You could see an adder (wandering) and 2 friendly crimson imps.

Vanquished Creatures
  2 dart slugs (D:1)
  4 leopard geckos
  6 bats
  2 giant cockroaches (D:1)
  6 goblins
  2 hobgoblins (D:2)
  A kobold (D:2)
  4 rats
27 creatures vanquished.

Vanquished Creatures (collateral kills)
  2 adders (D:2)
  3 goblins (D:1)
  A hobgoblin (D:2)
  4 jackals (D:1)
  5 kobolds (D:1)
15 creatures vanquished.

Grand Total: 42 creatures vanquished

Notes
Turn   | Place    | Note
-------+----------+-------------------------------------------
     0 | D:1      | CanOfBees the Tengu Summoner began the quest for the Orb.
     0 | D:1      | Reached XP level 1. HP: 10/10 MP: 4/4
   362 | D:1      | Reached XP level 2. HP: 16/16 MP: 6/6
   369 | D:1      | Learned a level 2 spell: Call Imp
   592 | D:1      | Reached skill level 5 in Summonings
  1334 | D:1      | Reached skill level 1 in Fighting
  1872 | D:1      | Reached XP level 3. HP: 20/20 MP: 7/7
  2164 | D:1      | Learned a level 3 spell: Call Canine Familiar
  3036 | D:2      | HP: 1/20 [poisoned by an adder]
  3037 | D:2      | Reached XP level 4. HP: 2/25 MP: 2/8
  3038 | D:2      | Gained mutation: Potions are less effective at restoring
                  | your health. [potion of mutation]
  3038 | D:2      | Gained mutation: You are clumsy. (Dex -2) [potion of
                  | mutation]
  3038 | D:2      | Gained mutation: Your movements are slightly less
                  | encumbered by armour. (ER -2) [potion of mutation]
  3038 | D:2      | Gained mutation: You are resistant to hostile enchantments.
                  | (MR+) [potion of mutation]
  3043 | D:2      | Succumbed to an adder's poison

Levels and vault maps discovered:
D:1:      nagdon_arrival_zigzag_paths, layout_basic, minmay_domino_2
D:2:      kb_forest_paths, layout_basic

Skill      XL: |  1  2 |
---------------+-------+-----
Summonings     | 5 |  5.2
Fighting       | 1 |  1.5
Dodging        | |  2.9
Stealth        | |  2.0
Spellcasting   | |  2.5

Action                   |  1- 3 |  4- 6 || total
-------------------------+-------+-------++-------
Melee: Unarmed           |    36 |       ||    36
       Kick              |    15 |       ||    15
       Peck              |     8 |       ||     8
       Hand axe          |    46 |       ||    46
Throw: Stone             |    12 |       ||    12
 Cast: Summon Small Mamm |    17 |       ||    17
       Call Imp          |    13 |     1 ||    14
  Use: Potion            |     2 |     1 ||     3
 Stab: Sleeping          |     2 |       ||     2
  Eat: Chunk             |     8 |       ||     8
Armor: Robe              |    17 |       ||    17
Dodge: Dodged            |   103 |       ||   103

Table legend:
 A = Non-vault XP
 B = Vault XP
 C = Vault XP percentage of total XP
 D = Non-vault monster count
 E = Vault monster count
 F = Vault count percentage of total count
                 A         B        C        D         E       F
            +---------+---------+-------+---------+---------+-------
      Total |      71 |      14 |  16.5 |      39 |       3 |   7.1
            +---------+---------+-------+---------+---------+-------
        D:1 |      33 |       1 |   2.9 |      21 |       1 |   4.5
        D:2 |      38 |      13 |  25.5 |      18 |       2 |  10.0
            +---------+---------+-------+---------+---------+-------
